 Dungeon Crawl Stone Soup version 0.28-a0-1435-g82390b3a13 (webtiles) character file.

Game seed: 4373453314245777817

240 dolemite99 the Cleaver (level 6, -10/51 HPs)
             Began as a Hill Orc Fighter on Jan 10, 2022.
             Mangled by an ogre (18 damage)
             ... on level 4 of the Dungeon.
             The game lasted 00:03:01 (4985 turns).

dolemite99 the Cleaver (Hill Orc Fighter)           Turns: 4985, Time: 00:03:02

Health: -10/51     AC:  9    Str: 21    XL:     6   Next: 8%
Magic:  6/6        EV:  7    Int:  8    God:
Gold:   229        SH:  4    Dex: 10    Spells: 5/5 levels left

rFire   . . .      SeeInvis .   a - +0 war axe
rCold   . . .      Faith    .   c - +0 buckler
rNeg    . . .      Spirit   .   d - +0 chain mail
rPois   .          Reflect  .   (no helmet)
rElec   .          Harm     .   (no cloak)
rCorr   .          Rampage  .   (no gloves)
Will    .....                   (no boots)
Stlth   ..........              (no amulet)
HPRegen 0.17/turn               (no ring)
MPRegen 0.10/turn               (no ring)

@: weak-willed
A: no striking features
a: no special abilities


You were on level 4 of the Dungeon.
You visited 1 branch of the dungeon, and saw 4 of its levels.

You collected 229 gold pieces.

Inventory:

Hand Weapons
 a - a +0 war axe (weapon)
 b - a +4 whip
Missiles
 k - 57 stones (quivered)
 l - 5 javelins
Armour
 c - a +0 buckler (worn)
 d - a +0 chain mail (worn)
Jewellery
 m - a ring of wizardry
Wands
 n - a wand of iceblast (14)
Scrolls
 e - a scroll of identify {@r1}
 g - a scroll of immolation
 h - a scroll of vulnerability
Potions
 f - a potion of flight {unknown}
 i - a potion of lignification {unknown}


   Skills:
 - Level 3.6 Fighting
 + Level 8.2 Axes
 - Level 3.2 Armour
 - Level 3.2 Shields


You had 5 spell levels left.
You didn't know any spells.
Your spell library contained the following spells:

 Spells                   Type           Power      Damage    Failure   Level
 Ensorcelled Hibernation  Hex/Ice        0%         N/A       100%        2
 Spider Form              Tmut/Pois      0%         N/A       100%        3


Dungeon Overview and Level Annotations

Branches:
Dungeon (4/15)
 Temple: D:4-7

Altars:


Message History

You whack Natasha!
Natasha is almost dead.
Natasha claws you but does no damage.
You hit Natasha.
You kill Natasha!
Natasha screams in fury as she dies!
Your Axes skill increases to level 8!
You have reached level 6!
Save game and exit?
Okay, then.
There are no items here.
You open the door.
There is an open door here.
Found a ring mail.
No target in view!
You see here a +0 ring mail.
There is a shaft here.
You open the door.
An ogre comes into view. It is wielding a +0 giant club.
The ogre shouts!
An ogre is nearby!
You throw a stone. The stone hits the ogre.
The ogre is lightly wounded.
There is an open door here.
a - a +0 war axe (weapon)
The ogre hits you with a +0 giant club!!
Okay, then.
You closely miss the ogre.
The ogre is lightly wounded.
The ogre hits you with a +0 giant club!!
* * * LOW HITPOINT WARNING * * *
As you read the scroll labelled QEEGARH ERRU, it crumbles to dust.
Magic quickly surges around you.
It was a scroll of vulnerability.
You block the ogre's attack.
As you read the scroll labelled BIANWA LAORPHUPNA, it crumbles to dust.
It is a scroll of identify.
g - a scroll of immolation It was a potion of curing.
You feel better.
The ogre hits you with a +0 giant club!!
You die...

#.# # #.. . #.# .
#.# . #.# . #.# .
###'########## .
#............######
.
#.......O@........#
.
#.................#
.
###########.......#
#.......# #.......#
#.......# #.......#
#.......# #.......#


You could see an ogre (weak-willed).

Vanquished Creatures
  A hound (D:4)
  Natasha (twice) (D:4)
  An orc wizard (D:3)
  4 gnolls
  2 adders
  2 worms
  6 dart slugs
  2 orcs
  3 endoplasms
  3 giant cockroaches
  4 goblins
  4 hobgoblins
  10 jackals
  3 kobolds
  7 ball pythons
  4 bats
  A frilled lizard (D:1)
  4 rats
63 creatures vanquished.

Notes
Turn   | Place    | Note
-------+----------+-------------------------------------------
     0 | D:1      | dolemite99 the Hill Orc Fighter began the quest for the
                  | Orb.
     0 | D:1      | Reached XP level 1. HP: 19/19 MP: 1/1
    87 | D:1      | Reached skill level 3 in Axes
   201 | D:1      | Reached XP level 2. HP: 26/26 MP: 2/2
   741 | D:1      | Reached skill level 4 in Axes
  1004 | D:1      | Reached XP level 3. HP: 31/31 MP: 3/3
  1307 | D:2      | Reached skill level 5 in Axes
  2521 | D:3      | Reached XP level 4. HP: 33/39 MP: 4/4
  2576 | D:2      | Reached skill level 6 in Axes
  3418 | D:3      | Found a faded altar of an unknown god.
  3436 | D:3      | Reached XP level 5. HP: 27/45 MP: 5/5
  3807 | D:3      | HP: 2/45 [gnoll (4)]
  3808 | D:3      | Reached skill level 7 in Axes
  4621 | D:4      | Noticed Natasha
  4629 | D:4      | Killed Natasha
  4888 | D:4      | Noticed Natasha
  4895 | D:4      | Killed Natasha
  4896 | D:4      | Reached skill level 8 in Axes
  4896 | D:4      | Reached XP level 6. HP: 51/51 MP: 6/6
  4976 | D:4      | HP: 1/51 [ogre (25)]
  4985 | D:4      | Mangled by an ogre

Illustrated notes

Levels and vault maps discovered:
D:1:      lightli_arrival_quake, layout_loops_ring
D:2:      layout_loops_corners, serial_forest, infiniplex_forest_corner_1,
          infiniplex_forest_clump_medium, infiniplex_forest_end_3,
          infiniplex_forest_end_1, infiniplex_forest_clump_C,
          infiniplex_forest_end_3
D:3:      layout_rooms, hellmonk_ecumenical_altar_lost_god
D:4:      layout_basic, minmay_temple_entry_butterflies, uniq_natasha,
          uniq_grinder

Skill      XL: |  1  2  3  4  5 |
---------------+----------------+-----
Axes           | 3 4 5 6 8 |  8.2
Fighting       | |  3.6
Armour         | |  3.2
Shields        | |  3.2

Action                   |  1- 3 |  4- 6 || total
-------------------------+-------+-------++-------
Melee: War axe           |    91 |    67 ||   158
       Whip              |       |    65 ||    65
Throw: Stone             |    11 |    25 ||    36
  Use: Potion            |       |     2 ||     2
       Scroll            |       |     2 ||     2
Armor: Scale mail        |    42 |    88 ||   130
       Chain mail        |       |    10 ||    10
Dodge: Dodged            |    59 |    73 ||   132
Block: Buckler           |    24 |    32 ||    56

Table legend: (Time is in decaauts)
 A = Elapsed time spent in this place.
 B = Non-inter-level travel time spent in this place.
 C = Inter-level travel time spent in this place.
 D = Time resting spent in this place.
 E = Time spent auto-exploring this place.
 F = Levels seen in this place.
 G = Mean time per level.
                   A        B        C        D        E       F      G
               +--------+--------+--------+--------+--------+-----+--------+
         Total |   5033 |   4869 |    164 |   2150 |   2029 |   4 | 1258.2 |
       Dungeon |   5033 |   4869 |    164 |   2150 |   2029 |   4 | 1258.2 |
               +--------+--------+--------+--------+--------+-----+--------+

Top non-repeatable levels by time:
     D:2: 1921 daAuts
     D:3: 1581 daAuts
     D:1: 1111 daAuts
     D:4: 419 daAuts
